AoeStats
← Emperor_Napoleon

Arabian Desert

510439881Analyzed
1v1 RM · 2d ago on Oct 1, 2026· 30m 22s· 2 players
Game mode
Random Map
Map size
Tiny (2 player)
Population
200
Speed
Normal
Resources
Standard
Victory
Conquest
Starting age
Dark Age
Ending age
Imperial Age
RankedLock teamsTeams togetherTeam positionsShared explorationLock speedFull tech treeHidden civsTurbo modeCheats
Victory
Defeat
🇨🇳 Varangians · China
2373
+2
🇦🇷 Teutons · Argentina
1878
-2
Emperor_Napoleon
5:48 Loom
8:56 Feudal Age
18:03 Bloodlines
19:59 Double-Bit Axe
20:52 Scale Barding Armor
22:16 Forging
26:55 Castle Age
26:19 Gold Mining
27:42 Scale Mail Armor
27:04 Light Cavalry
29:08 Bow Saw
30:03 Wheelbarrow
29:14 Town Watch
29:57 Chain Mail Armor
29:44 Squires
Drug0s
5:41 Loom
8:38 Feudal Age
9:07 Double-Bit Axe
29:56 Castle Age
28:17 Forging
28:49 Scale Mail Armor
28:42 Horse Collar
29:48 Gold Mining
Connection lost

Rejoining the realm…

Still unreachable

The connection could not be restored.

Session expired

The server has moved on; the page needs a fresh start.